cohdb
Replays
Latest Replays
All Replays
Popular Replays
Top Player Replays
Match Explorer
How It Works
Community
CoH3 Stats
Reddit
Sign in to upload your games and track your stats! →
Sign in with Steam
Match 46799366
Unlisted
Match 46799366
Overview
Messages
Build Orders
End
Construct Barracks
Riflemen Squad
Riflemen Squad
Grenade Package
Construct Weapon Support Center
M1919 Machine Gun Team
Mechanized Support Center
M3 Armored Personnel Carrier
M3 Armored Personnel Carrier
1⁄4-ton 4x4 Truck
Selects Special Operations Battlegroup
Selects Smoke Screen
Selects SSF Commando Squad
SSF Commando Squad
Boneless
Arwootarch
BazookaJoe
R.U.C
ElaGiwrgi
Max
0
0
Comments
sign in to comment!
No comments posted yet!